AoeStats
← jphilkill

Arena

507264522Analyzed
4v4 RM · 15d ago on Sep 17, 2026· 43m 37s· 8 players
Game mode
Random Map
Map size
Large (8 player)
Population
200
Speed
Normal
Resources
Standard
Victory
Conquest
Starting age
Dark Age
Ending age
Imperial Age
RankedLock teamsTeams togetherTeam positionsShared explorationLock speedFull tech treeHidden civsTurbo modeCheats
Victory
Defeat
🇱🇻 Goths · Latvia
891
+16
🇺🇸 Mongols · United States
883
+16
🇪🇸 Jurchens · Spain
864
+17
🇨🇿 Poles · Czechia
829
+18
🇬🇧 Mongols · United Kingdom
916
-18
🇩🇪 Burgundians · Germany
916
-18
🇷🇺 Huns · Russia
856
-27
🇦🇷 Vietnamese · Argentina
841
-15
Fat Asian Dude
10:12 Feudal Age
17:07 Castle Age
15:06 Horse Collar
16:50 Wheelbarrow
17:26 Double-Bit Axe
17:35 Stone Mining
19:19 Stone Shaft Mining
24:00 Bow Saw
24:39 Gold Mining
27:27 Heavy Plow
30:11 Hand Cart
32:20 Fletching
32:31 Padded Archer Armor
33:46 Gold Shaft Mining
36:55 Imperial Age
34:10 Town Watch
34:24 Bodkin Arrow
34:35 Scale Barding Armor
34:41 Forging
35:30 Husbandry
35:40 Bloodlines
34:51 Light Cavalry
36:16 Ballistics
36:03 Thumb Ring
38:37 Chain Barding Armor
38:34 Leather Archer Armor
38:54 Iron Casting
39:06 Hussar
41:13 Conscription
42:07 Parthian Tactics
41:50 Siege Engineers
42:21 Bracer
42:53 Town Patrol
42:30 Elite Mangudai
44:46 Blast Furnace
44:49 Chemistry
Crusader
0:50 Loom
10:52 Feudal Age
16:20 Castle Age
14:26 Double-Bit Axe
14:25 Horse Collar
16:19 Wheelbarrow
17:28 Bow Saw
16:49 Pikeman
17:14 Man-at-Arms
18:14 Forging
18:10 Squires
18:42 Long Swordsman
26:13 Pikeman
28:49 Scale Mail Armor
29:25 Iron Casting
30:08 Chain Mail Armor
33:14 Imperial Age
31:31 Fletching
33:06 Anarchy
33:26 Elite Huskarl
33:33 Elite Huskarl
35:36 Blast Furnace
36:57 Chemistry
36:09 Masonry
36:44 Heavy Plow
36:32 Loom
38:05 Crop Rotation
38:39 Two-Man Saw
37:23 Two-Handed Swordsman
37:24 Halberdier
39:08 Champion
42:02 Ballistics
Nohy Enjoyer
10:14 Feudal Age
12:58 Horse Collar
14:56 Double-Bit Axe
19:56 Castle Age
20:11 Light Cavalry
20:53 Husbandry
22:22 Stone Mining
22:39 Heavy Plow
25:52 Wheelbarrow
28:12 Bloodlines
29:02 Bow Saw
30:35 Hand Cart
30:06 Town Watch
35:23 Town Patrol
38:10 Imperial Age
37:01 Scale Barding Armor
37:07 Forging
36:58 Scale Mail Armor
39:08 Iron Casting
38:54 Gold Mining
39:40 Stone Shaft Mining
40:59 Chemistry
39:41 Treadmill Crane
40:49 Crop Rotation
40:29 Onager
42:12 Winged Hussar
Hallvardr
10:30 Feudal Age
10:52 Horse Collar
10:58 Double-Bit Axe
11:30 Town Watch
12:53 Loom
18:40 Castle Age
19:41 Bow Saw
19:39 Heavy Plow
20:56 Stone Mining
21:19 Husbandry
24:25 Wheelbarrow
25:16 Stone Shaft Mining
24:35 Gold Mining
30:41 Imperial Age
28:54 Gold Shaft Mining
28:44 Hand Cart
30:23 Scale Barding Armor
31:56 Crop Rotation
32:31 Two-Man Saw
32:16 Conscription
31:30 Elite Iron Pagoda
33:53 Chain Barding Armor
33:47 Forging
34:06 Town Patrol
38:09 Iron Casting
38:10 Plate Barding Armor
40:11 Hoardings
40:52 Guilds
42:09 Blast Furnace
43:14 Fletching
jphilkill
1:21 Loom
6:55 Wheelbarrow
12:07 Feudal Age
19:28 Castle Age
17:18 Double-Bit Axe
17:41 Horse Collar
21:03 Bow Saw
20:57 Heavy Plow
22:01 Gold Mining
22:05 Stone Mining
28:02 Hand Cart
28:28 Gold Shaft Mining
29:01 Crop Rotation
29:51 Two-Man Saw
29:53 Cavalier
32:40 Stone Shaft Mining
32:55 Scale Barding Armor
33:01 Forging
32:53 Husbandry
34:35 Chain Barding Armor
36:58 Fletching
37:08 Padded Archer Armor
37:09 Scale Mail Armor
37:44 Iron Casting
36:32 Elite Skirmisher
37:56 Bodkin Arrow
37:45 Pikeman
38:26 Squires
44:44 Imperial Age
GingerTom
0:39 Loom
12:05 Feudal Age
14:21 Double-Bit Axe
15:23 Stone Mining
17:19 Horse Collar
19:59 Castle Age
28:14 Fletching
29:21 Wheelbarrow
28:45 Gold Mining
RUDOLF
10:45 Feudal Age
15:43 Castle Age
13:43 Stone Mining
15:53 Horse Collar
16:01 Double-Bit Axe
16:36 Loom
17:31 Wheelbarrow
19:38 Fletching
20:53 Heavy Plow
21:51 Gold Mining
22:23 Bodkin Arrow
24:42 Murder Holes
25:13 Ballistics
25:17 Bow Saw
27:00 Hand Cart
28:47 Murder Holes
Вскрытый пул
12:09 Feudal Age
12:58 Double-Bit Axe
13:25 Loom
22:21 Castle Age
21:28 Stone Mining
21:32 Gold Mining
22:34 Wheelbarrow
24:11 Bow Saw
24:32 Hand Cart
28:31 Town Watch
32:18 Gold Shaft Mining
33:58 Town Patrol
36:13 Marauders
38:46 Imperial Age
38:17 Scale Mail Armor
38:22 Scale Barding Armor
38:32 Husbandry
38:49 Bloodlines
39:15 Elite Tarkan
41:31 Scale Barding Armor
41:36 Forging
41:42 Chain Mail Armor
42:25 Murder Holes
Connection lost

Rejoining the realm…

Still unreachable

The connection could not be restored.

Session expired

The server has moved on; the page needs a fresh start.